 Dungeon Sprint DCSS version 0.28-b1-25-g9875b3fc8c (webtiles) character file.

Game seed: 18132715875163694496

258 jessy the Ducker (level 5, -4/59 HPs)
             Began as a Troll Fighter on Feb 1, 2022.
             Slain by a slime creature (15 damage)
             ... in the Dungeon (Sprint I: "Red Sonja").
             The game lasted 00:01:29 (107 turns).

jessy the Ducker (Troll Fighter)                     Turns: 107, Time: 00:01:30

Health: -4/59      AC:  4    Str: 24    XL:     5   Next: 94%
Magic:  4/4        EV: 11    Int:  4    God:
Gold:   162        SH:  0    Dex: 11    Spells: 4/4 levels left

rFire   . . .      SeeInvis .   k - +0 scythe
rCold   . . .      Faith    .   (shield currently unavailable)
rNeg    . . .      Spirit   .   b - +0 robe
rPois   .          Reflect  .   (helmet restricted)
rElec   .          Harm     .   (no cloak)
rCorr   .          Rampage  .   (gloves unavailable)
Will    .....      NoTele   +   (boots unavailable)
Stlth   +.........              (no amulet)
HPRegen 0.99/turn               (no ring)
MPRegen 0.09/turn               (no ring)

@: no status effects
A: large, unfitting armour, claws 3, regeneration 1, shaggy fur 1, tough skin 1
a: no special abilities


You were in the Dungeon.
You visited 1 branch You collected 162 gold pieces.

Inventory:

Hand Weapons
 a - a +0 war axe
 k - a +0 scythe (weapon)
Armour
 b - a +0 robe (worn)
 c - a +0 kite shield
 l - a +0 robe
Wands
 f - a wand of iceblast (6)
Scrolls
 j - a scroll of blinking
Potions
 d - a potion of might
 e - a potion of curing
 g - a potion of haste
 h - 2 potions of magic
 i - a potion of berserk rage


   Skills:
 + Level 5.9 Fighting
 + Level 4.5 Axes
 + Level 5.9 Dodging
 + Level 0.3 Stealth
 + Level 5.8 Shields


You had 4 spell levels left.
You didn't know any spells.
Your spell library was empty.

Dungeon Overview and Level Annotations

Branches:
Dungeon (1/1)

Altars:
Makhleb
Sif Muna
Wu Jian
Xom
Jiyva
Lugonu


Innate Abilities, Weirdness & Mutations

You are too large for most types of armour.
You have claws for hands.
Your natural rate of healing is unusually fast.
You are covered in fur. (AC +1)
You have tough skin. (AC +1)


Message History

You see here the human corpse of Sigmund.
As you open the door, it creaks loudly!
Found 108 gold pieces.
There is an open door here.
You now have 81 gold pieces (gained 27).
You now have 108 gold pieces (gained 27).
You now have 135 gold pieces (gained 27).
You now have 162 gold pieces (gained 27).
You open the door.
Found 4 poisoned darts and 26 arrows.
Found two altars.
You open the door.
A slime creature comes into view.
The slime creature quivers.
Found four altars.
A jelly comes into view.
The slime creature barely misses you.
There is an open door here.
You slice the slime creature!!
The slime creature is moderately wounded.
The slime creature closely misses you.
You barely miss the slime creature.
The slime creature is moderately wounded.
The jelly quivers.
The slime creature jiggles.
The slime creature hits you!! The slime creature hits you.
You barely miss the slime creature.
The slime creature is moderately wounded.
The slime creature completely misses you.
The slime creature hits you!
You barely miss the slime creature.
The slime creature is moderately wounded.
The slime creature hits you. The slime creature closely misses you.
You slice the slime creature!!
The slime creature is heavily wounded.
The slime creature closely misses you. The jelly closely misses you.
The jelly misses you. The slime creature hits you!
* * * LOW HITPOINT WARNING * * *
You hit the slime creature.
The slime creature is heavily wounded.
The slime creature hits you!
You die...

###################
#<.#..)..#..'..#__#
#..').#..'†.#..@J.+
#..#####'#####J#__#
#..# #..# #(####
#..# #### #(# #..#
_.+ #⌠⌠# ._# ####
.#+# +


You could see a slime creature and a jelly.

Vanquished Creatures
  Sigmund (D)
  An ogre (D)
  Ijyb (D)
3 creatures vanquished.

Notes
Turn   | Place    | Note
-------+----------+-------------------------------------------
     0 | D        | jessy the Troll Fighter began the quest for the Orb.
     0 | D        | Reached XP level 1. HP: 22/22 MP: 0/0
     2 | D        | Noticed Ijyb
    28 | D        | Killed Ijyb
    29 | D        | Reached XP level 2. HP: 28/31 MP: 1/1
    33 | D        | Noticed an ogre
    41 | D        | Killed an ogre
    42 | D        | Reached XP level 3. HP: 29/40 MP: 2/2
    42 | D        | Reached XP level 4. HP: 36/49 MP: 3/3
    47 | D        | Noticed Sigmund
    57 | D        | Killed Sigmund
    58 | D        | Reached skill level 5 in Fighting
    58 | D        | Reached skill level 5 in Dodging
    58 | D        | Reached skill level 5 in Shields
    58 | D        | Reached XP level 5. HP: 46/59 MP: 4/4
    99 | D        | Found an ornate altar of the Wu Jian Council.
    99 | D        | Found a shimmering blue altar of Sif Muna.
   100 | D        | Found a burning altar of Makhleb.
   100 | D        | Found a viscous altar of Jiyva.
   100 | D        | Found a shimmering altar of Xom.
   100 | D        | Found a corrupted altar of Lugonu.
   100 | D        | Noticed a slime creature
   107 | D        | Slain by a slime creature

Illustrated notes

Levels and vault maps discovered:
D:        dungeon_sprint_1 [red_sonja_temple_1, red_sonja_temple_small_1]

Skill      XL: |  1  2  3  4 |
---------------+-------------+-----
Fighting       | 3 4 5 |  5.9
Axes           | 2 3 4 |  4.5
Dodging        | 3 4 5 |  5.9
Shields        | 3 4 5 |  5.8
Stealth        | |  0.3

Action                   |  1- 3 |  4- 6 || total
-------------------------+-------+-------++-------
Melee: War axe           |    24 |     9 ||    33
       Scythe            |       |     6 ||     6
  Use: Potion            |     1 |       ||     1
Armor: Robe              |     4 |     1 ||     5
Dodge: Dodged            |    12 |    10 ||    22
Block: Kite shield       |     9 |     3 ||    12
